AoeStats
← [SAPR] Janstonbeats

Coastal Forest

510484928Analyzed
2v2 RM · 10h ago on Oct 1, 2026· 48m 16s· 4 players
Game mode
Random Map
Map size
Medium (4 player)
Population
200
Speed
Normal
Resources
Standard
Victory
Conquest
Starting age
Dark Age
Ending age
Imperial Age
RankedLock teamsTeams togetherTeam positionsShared explorationLock speedFull tech treeHidden civsTurbo modeCheats
Victory
Defeat
🇦🇺 Varangians · Australia
1246
+11
🇫🇷 Ethiopians · France
1086
+19
🇮🇳 Ethiopians · India
1138
-15
🇺🇸 Japanese · United States
1135
-15
MotorTokamak
4:49 Loom
9:12 Feudal Age
9:48 Double-Bit Axe
13:00 Fletching
13:33 Padded Archer Armor
15:07 Horse Collar
21:57 Castle Age
22:11 Gold Mining
23:55 Gold Shaft Mining
23:30 Crossbowman
24:44 Bodkin Arrow
26:09 Leather Archer Armor
31:23 Ballistics
33:42 Imperial Age
33:52 Arbalester
34:39 Thumb Ring
34:36 Bracer
37:47 Chemistry
37:50 Stone Mining
38:27 Scale Barding Armor
40:15 Wheelbarrow
40:24 Ring Archer Armor
41:47 Conscription
41:49 Chain Barding Armor
41:40 Forging
47:13 Hand Cart
BlitzbeatOntheH
11:13 Feudal Age
11:18 Man-at-Arms
12:19 Arson
15:47 Forging
20:39 Loom
23:33 Wheelbarrow
24:59 Castle Age
24:26 Padded Archer Armor
26:49 Long Swordsman
27:14 Gambesons
27:40 Double-Bit Axe
38:29 Imperial Age
36:16 Fletching
36:42 Leather Archer Armor
36:42 Bow Saw
38:23 Wheelbarrow
40:27 Conscription
41:15 Bodkin Arrow
41:56 Iron Casting
41:37 Leather Archer Armor
41:22 Scale Mail Armor
41:52 Two-Handed Swordsman
45:12 Hand Cart
46:55 Two-Man Saw
47:23 Bracer
48:23 Blast Furnace
47:05 Horse Collar
[SAPR] Janstonbeats
8:30 Loom
11:34 Feudal Age
16:46 Castle Age
15:08 Double-Bit Axe
16:47 Crossbowman
17:28 Fletching
19:12 Bow Saw
19:56 Bodkin Arrow
26:36 Thumb Ring
27:10 Padded Archer Armor
27:42 Horse Collar
36:16 Imperial Age
36:42 Ballistics
36:49 Arbalester
42:07 Bracer
42:23 Leather Archer Armor
43:27 Chemistry
Hemsy124
5:01 Loom
11:58 Feudal Age
18:01 Castle Age
19:00 Squires
18:48 Double-Bit Axe
21:11 Scale Mail Armor
21:22 Forging
31:26 Horse Collar
35:23 Bow Saw
39:05 Imperial Age
37:12 Wheelbarrow
37:41 Gambesons
37:41 Arson
37:58 Scale Mail Armor
38:08 Forging
39:08 Capped Ram
39:13 Elite Varangian Guard
39:16 Gothikon
40:16 Conscription
41:38 Conscription
41:22 Siege Ram
42:22 Chain Mail Armor
42:43 Iron Casting
44:04 Plate Mail Armor
43:20 Siege Ram
45:09 Conscription
46:37 Blast Furnace
Connection lost

Rejoining the realm…

Still unreachable

The connection could not be restored.

Session expired

The server has moved on; the page needs a fresh start.